 Dungeon Crawl Stone Soup version 0.20.1-1-g8b1a95d (webtiles) character file.

10656 equalderp2856 the Cleaver (level 11, -7/94 HPs)
             Began as a Minotaur Fighter on Aug 27, 2017.
             Mangled by a polar bear (17 damage)
             ... in an ice cave.
             The game lasted 00:30:28 (13054 turns).

equalderp2856 the Cleaver (Minotaur Fighter)       Turns: 13054, Time: 00:30:29

Health: -7/94      AC: 22    Str: 26    XL:     11   Next: 39%
Magic:  0/17       EV:  5    Int:  6    God:
Gold:   351        SH: 12    Dex: 12    Spells: 20/20 levels left

rFire    . . .     SeeInvis .   a - +1 war axe
rCold    . . .     Gourm    .   c - +0 shield
rNeg     . . .     Faith    .   F - +0 crystal plate armour
rPois    .         Spirit   +   (helmet restricted)
rElec    .         Reflect  .   (no cloak)
rCorr    .         Harm     .   j - +1 pair of gloves
MR       +....                  (no boots)
Stlth    ..........             h - amulet of guardian spirit
Regen    0.3/turn               y - ring of protection from magic
MPRegen  0.2/turn               A - ring of wizardry

@: mighty, very slightly contaminated
A: retaliatory headbutt, horns 2
a: no special abilities


You were in an ice cave.
You were not hungry.

You visited 3 branches of the dungeon, and saw 12 of its levels.
You also visited: Ice Cave.

You collected 572 gold pieces.
You spent 221 gold pieces at shops.

Inventory:

Hand Weapons
 a - a +1 war axe (weapon)
 l - a +0 hand axe of chopping
 G - a +0 trident
 U - a +0 broad axe
Missiles
 x - 42 bolts
Armour
 b - a +0 scale mail
 c - a +0 shield (worn)
 j - a +1 pair of gloves (worn)
 s - a +0 plate armour
 F - a +0 crystal plate armour (worn)
 J - the +2 ring mail of the Accordion {rN+}
   (You found it on level 8 of the Dungeon)

   It protects you from negative energy.
 K - +0 ice dragon scales
Jewellery
 h - an amulet of guardian spirit (around neck)
 i - an uncursed amulet of the gourmand
 t - a -3 ring of strength
 u - an uncursed amulet of regeneration
 y - a ring of protection from magic (left hand)
 A - a ring of wizardry (right hand)
 C - an uncursed ring of magical power
 M - an uncursed ring of loudness
 R - an uncursed ring of poison resistance {unknown}
Wands
 w - a wand of paralysis (0/24)
 H - a wand of flame (18/48)
 P - a wand of random effects (27/48)
Scrolls
 e - 11 scrolls of identify
 k - 7 scrolls of teleportation
 m - a scroll of immolation
 q - 2 scrolls of fog
 E - a scroll of remove curse
 N - a scroll of brand weapon {unknown}
 S - 3 scrolls of magic mapping
Potions
 d - 2 potions of might
 g - 6 potions of curing
 n - 3 potions of cancellation {unknown}
 p - 3 potions of lignification {unknown}
 r - 2 potions of haste {unknown}
 z - 3 potions of ambrosia
 D - 2 potions of mutation
Books
 O - a book of Geomancy

   Spells                             Type                      Level
   a - Sandblast                      Earth                        1
   b - Passwall                       Transmutation/Earth          2
   c - Stone Arrow                    Conjuration/Earth            3
   d - Petrify                        Transmutation/Earth          4
   e - Lee's Rapid Deconstruction     Earth                        5
Comestibles
 f - 5 bread rations
 o - 30 fruits
 I - 3 meat rations
 V - 4 chunks of flesh


   Skills:
 + Level 8.0 Fighting
 + Level 12.3 Axes
 + Level 2.0(8.3) Polearms
 + Level 10.2 Armour
 + Level 3.5 Dodging
 + Level 1.0 Stealth
 + Level 9.0 Shields
 * Level 5.2 Spellcasting
 + Level 0.3 Evocations


You had 20 spell levels left.
You didn't know any spells.

Dungeon Overview and Level Annotations

Branches:
Dungeon (9/15)             Temple (1/1) D:5            Lair (2/6) D:9
  Swamp: Lair:2-4    Shoals: Lair:2-4     Snake: Lair:2-4    Spider: Lair:2-4
    Orc: D:9-12

Altars:
Ashenzari
Cheibriados
Dithmenos
Elyvilon
Fedhas
Gozag
Hepliaklqana
Kikubaaqudgha
Makhleb
Nemelex Xobeh
Okawaru
Qazlal
Ru
Sif Muna
Trog
Uskayaw
Vehumet
Xom
Yredelemnul
Zin
The Shining One

Shops:
D:5 !   D:6 }   D:7 (

Annotations:
D:8 Grum
Lair:1 exclusion: oklob plant
Lair:2 Nergalle


Innate Abilities, Weirdness & Mutations

You reflexively headbutt those who attack you in melee.
You have a pair of horns on your head.


Message History

Your shield prevents you from hitting the polar bear.
You headbutt the polar bear!
The polar bear is almost dead.
You slash the polar bear!
Your shield and crystal plate armour prevent you from hitting the wolf.
The polar bear barely misses you. The polar bear claws you.
* * * LOW HITPOINT WARNING * * *
You block the polar bear's attack. The wolf bites you.
* * * LOW HITPOINT WARNING * * *
The polar bear bites you but does no damage.
The polar bear claws you but does no damage.
The polar bear barely misses you.
The polar bear bites you but does no damage.
The polar bear claws you but does no damage. x2
You hit the polar bear but do no damage.
The polar bear is almost dead.
You miss the wolf.
You hit the polar bear but do no damage.
You block the wolf's attack. The polar bear bites you!!
You die...

#...#
#.h.##
#.†.#
##...##
##.....##
#...∩...#
#..hY...#
##hhh..##
##@..##
#####


You could see 3 polar bears, a yak and 2 wolves.

Vanquished Creatures
  A hydra (Lair:1)
  3 two-headed ogres
  Joseph (D:7)
  The ghost of ThereIsNoGod the Chiller, a novice DrIE of Vehumet (D:5)
  2 spiny frogs
  2 rime drakes (Lair:2)
  2 komodo dragons (Lair:1)
  2 hungry ghosts
  5 water moccasins
  An orc warrior (D:9)
  4 porcupines
  A black bear (D:9)
  2 ice beasts
  2 sky beasts
  2 necrophages
  3 phantoms
  2 centaurs
  3 ogres
  4 wolves
  5 crocodiles
  A big kobold (D:8)
  10 bullfrogs
  A wyvern skeleton (D:9)
  5 scorpions
  8 killer bees
  3 howler monkeys
  A centaur zombie (D:6)
  A quasit (D:6)
  4 crimson imps
  2 hounds
  2 orc priests
  A jelly (D:8)
  A centaur skeleton (D:7)
  3 orc wizards (D:8)
  Jessica (D:3)
  2 bullfrog skeletons
  2 iguanas
  Natasha (thrice) (D:2)
  4 worker ants
  A worker ant zombie (D:7)
  Robin (D:3)
  9 gnolls
  13 adders
  2 shadow imps
  An ooze (D:1)
  An adder skeleton (D:4)
  2 worms
  A dart slug (D:3)
  5 leopard geckos
  14 orcs
  2 ball pythons
  2 giant cockroaches
  15 goblins
  11 hobgoblins
  14 jackals
  4 quokkas
  5 bats
  6 frilled lizards
  8 kobolds
  A quokka skeleton (D:4)
  A quokka zombie (D:9)
  6 rats
  A fungus (D:9)
  2 plants (D:9)
231 creatures vanquished.

Vanquished Creatures (others)
  5 fungi
  2 plants (Lair:2)
7 creatures vanquished.

Grand Total: 238 creatures vanquished

Notes
Turn   | Place    | Note
-------+----------+-------------------------------------------
     0 | D:1      | equalderp2856 the Minotaur Fighter began the quest for the Orb.
     0 | D:1      | Reached XP level 1. HP: 19/19 MP: 0/0
   128 | D:1      | Reached XP level 2. HP: 24/27 MP: 1/1
   414 | D:1      | Reached XP level 3. HP: 33/33 MP: 2/2
   719 | D:1      | Reached skill level 3 in Axes
   915 | D:2      | Reached XP level 4. HP: 36/40 MP: 3/3
  1035 | D:2      | Noticed Natasha
  1041 | D:2      | Killed Natasha
  1059 | D:2      | Noticed Natasha
  1062 | D:2      | Killed Natasha
  1220 | D:2      | Found a deep blue altar of Sif Muna.
  1291 | D:2      | Noticed Natasha
  1300 | D:2      | Killed Natasha
  1300 | D:2      | Reached skill level 4 in Axes
  1300 | D:2      | Reached XP level 5. HP: 32/46 MP: 4/4
  1387 | D:2      | Reached skill level 5 in Shields
  1686 | D:3      | Found a shattered altar of Ashenzari.
  1937 | D:3      | Found a radiant altar of Vehumet.
  1994 | D:3      | Noticed Jessica
  2004 | D:3      | Killed Jessica
  2049 | D:3      | Noticed Robin
  2067 | D:3      | Killed Robin
  2307 | D:4      | Reached skill level 5 in Armour
  2307 | D:4      | Reached XP level 6. HP: 52/53 MP: 3/6
  2463 | D:4      | Reached skill level 1 in Spellcasting
  2469 | D:4      | Found an ancient bone altar of Kikubaaqudgha.
  2933 | D:5      | Entered Level 5 of the Dungeon
  2939 | D:5      | Noticed ThereIsNoGod's ghost (novice DrIE)
  3273 | D:5      | Reached skill level 5 in Axes
  3313 | D:5      | Noticed a sky beast
  3333 | D:5      | Killed a sky beast
  3333 | D:5      | Reached XP level 7. HP: 20/60 MP: 4/7
  3576 | D:5      | Found a staircase to the Ecumenical Temple.
  3612 | Temple   | Entered the Ecumenical Temple
  3699 | D:6      | Found a snail-covered altar of Cheibriados.
  4064 | D:6      | Reached skill level 1 in Dodging
  4259 | D:6      | Found a hide-covered altar of Uskayaw.
  4319 | D:6      | Reached skill level 5 in Fighting
  4503 | D:6      | Found Numnuul's Gadget Shoppe.
  4638 | D:7      | Reached skill level 6 in Axes
  4646 | D:7      | Reached XP level 8. HP: 67/68 MP: 10/10
  5024 | D:7      | Found Nily's Weapon Boutique.
  5052 | D:7      | Reached skill level 7 in Axes
  5282 | D:7      | Noticed Joseph
  5305 | D:7      | Killed Joseph
  5838 | D:7      | Reached skill level 8 in Axes
  5838 | D:7      | Reached XP level 9. HP: 74/75 MP: 12/12
  5931 | D:5      | Found Beyhula's Distillery.
  5934 | D:5      | Found a shattered altar of Ashenzari.
  6263 | D:5      | Paralysed by a centaur for 4 turns
  6965 | D:8      | Noticed Grum
  7608 | D:5      | Bought a potion of heal wounds for 65 gold pieces
  7608 | D:5      | Bought a potion of might for 52 gold pieces
  7608 | D:5      | Bought a potion of mutation for 104 gold pieces
  7635 | D:5      | Killed ThereIsNoGod's ghost
  7635 | D:5      | Reached skill level 9 in Axes
  8474 | D:8      | Reached skill level 1 in Stealth
  8508 | D:8      | Found a blossoming altar of Fedhas.
  8514 | D:8      | Found a stormy altar of Qazlal.
  8651 | D:8      | Found a sparkling altar of Nemelex Xobeh.
  8821 | D:8      | Reached skill level 10 in Axes
  9291 | D:8      | Got a warped ring mail
  9304 | D:8      | Identified the +2 ring mail of the Accordion {rN+} (You found it on level 8 of the Dungeon)
  9460 | D:8      | Noticed a two-headed ogre
  9467 | D:8      | Killed a two-headed ogre
  9467 | D:8      | Reached XP level 10. HP: 36/84 MP: 8/15
  9874 | D:9      | Noticed a two-headed ogre
  9893 | D:9      | Killed a two-headed ogre
  9893 | D:9      | Reached skill level 11 in Axes
 10044 | D:9      | Found a staircase to the Lair.
 10163 | D:9      | Noticed a two-headed ogre
 10175 | D:9      | Killed a two-headed ogre
 10639 | D:9      | Found a snail-covered altar of Cheibriados.
 10877 | Lair:1   | Entered Level 1 of the Lair of Beasts
 10904 | Lair:1   | Found a white marble altar of Elyvilon.
 10904 | Lair:1   | Noticed an oklob plant
 10969 | Lair:1   | Got an encrusted leather armour
 10980 | Lair:1   | Identified the cursed +1 leather armour of Sif Muna's Outrage {rPois rN++ Str-3 SInv} (You found it on level 1 of the Lair of Beasts)
 11351 | Lair:1   | Noticed a six-headed hydra
 11360 | Lair:1   | Killed a six-headed hydra
 11360 | Lair:1   | Reached XP level 11. HP: 44/91 MP: 7/17
 11618 | Lair:1   | Reached skill level 1 in Polearms
 12698 | Lair:2   | Noticed Nergalle
 12766 | Lair:2   | Reached skill level 10 in Armour
 12766 | Lair:2   | Reached skill level 5 in Spellcasting
 12852 | Lair:2   | Reached skill level 12 in Axes
 13017 | Lair:2   | Found a frozen archway.
 13035 | IceCv    | Entered an ice cave
 13054 | IceCv    | Mangled by a polar bear

Skill      XL: |  1  2  3  4  5  6  7  8  9 10 11 |
---------------+----------------------------------+-----
Shields        | 4 5 6 7 8 9 |  9.0
Armour         | 4 5 6 7 8 9 10 | 10.2
Fighting       | 4 5 6 7 8 |  8.0
Axes           | 3 4 5 6 8 10 11 12 | 12.3
Spellcasting   | 1 2 3 4 5 |  5.2
Dodging        | 1 2 3 |  3.5
Stealth        | 1 |  1.0
Polearms       | 2 |  2.0
Evocations     | |  0.3

Action                   |  1- 3 |  4- 6 |  7- 9 | 10-12 || total
-------------------------+-------+-------+-------+-------++-------
Melee: War axe           |    77 |   152 |   394 |   257 ||   880
       Headbutt          |     9 |    15 |    73 |    53 ||   150
       Trident           |       |       |       |     8 ||     8
Evoke: Wand              |       |       |       |     3 ||     3
  Use: Scroll            |       |     2 |    14 |     2 ||    18
       Potion            |       |       |     1 |     4 ||     5
  Eat: Chunk             |       |     8 |    17 |    14 ||    39
       Fruit             |       |       |     5 |     1 ||     6
       Royal jelly       |       |       |     1 |     1 ||     2
Armor: Scale mail        |    43 |    48 |   116 |       ||   207
       Crystal plate arm |       |       |    47 |   183 ||   230
       Plate armour      |       |       |     7 |       ||     7
Dodge: Dodged            |    43 |    45 |   130 |    58 ||   276
Block: Shield            |    74 |    84 |   223 |   154 ||   535
